 Dungeon Crawl Stone Soup version 0.27-a0-1342-ga99462a43c (webtiles) character file.

Game seed: 1627224265596284648

34003 27snakeeyes612 the Cleaver (level 13, -1/123 HPs)
             Began as a Hill Orc Fighter on June 27, 2021.
             Was a Priest of Makhleb.
             Slain by a deep troll (12 damage)
             ... on level 15 of the Dungeon.
             The game lasted 00:14:02 (18203 turns).

27snakeeyes612 the Cleaver (Hill Orc Fighter)      Turns: 18203, Time: 00:14:02

Health: -1/123     AC: 22    Str: 24    XL:     13   Next: 74%
Magic:  13/13      EV:  7    Int:  8    God:    Makhleb [***...]
Gold:   675        SH: 15    Dex: 10    Spells: 12/12 levels left

rFire    . . .     SeeInvis .   e - +5 broad axe (elec)
rCold    + . .     Faith    .   t - +2 kite shield
rNeg     . . .     Spirit   .   E - +0 plate armour
rPois    .         Reflect  .   C - +0 helmet
rElec    .         Harm     .   (no cloak)
rCorr    .         Rampage  .   l - +0 pair of gloves
Will     +....                  k - +2 pair of boots {Stlth+}
Stlth    ..........             (no amulet)
HPRegen  0.30/turn              f - ring of protection from cold
MPRegen  0.13/turn              d - ring of willpower

@: about to teleport
A: no striking features
a: Renounce Religion, Minor Destruction, Lesser Servant of Makhleb


You were on level 15 of the Dungeon.
You worshipped Makhleb.
Makhleb was most pleased with you.
You visited 2 branches of the dungeon, and saw 16 of its levels.

You collected 892 gold pieces.
You spent 217 gold pieces at shops.

Inventory:

Hand Weapons
 e - a +5 broad axe of electrocution (weapon)
 D - a +0 morningstar of flaming
 H - a +0 flail of draining
Missiles
 c - 7 boomerangs of dispersal
Armour
 b - a +0 scale mail
 k - a +2 pair of boots of stealth (worn)
 l - a +0 pair of gloves (worn)
 t - a +2 kite shield (worn)
 C - a +0 helmet (worn)
 E - a +0 plate armour (worn)
Jewellery
 d - a ring of willpower (right hand)
 f - a ring of protection from cold (left hand)
 s - a ring of positive energy
Wands
 h - a wand of digging (5)
 o - a wand of polymorph (17)
 p - a wand of mindburst (22)
 q - a wand of flame (50)
 z - a wand of iceblast (7) (quivered)
Scrolls
 a - 2 scrolls of enchant weapon
 g - 10 scrolls of identify
 j - 4 scrolls of immolation
 y - 5 scrolls of amnesia
 F - a scroll of blinking
 G - 6 scrolls of teleportation
 M - a scroll of magic mapping
Potions
 i - 2 potions of invisibility
 m - 7 potions of lignification
 n - 3 potions of heal wounds {unknown}
 r - a potion of flight
 u - 3 potions of curing
 v - 3 potions of might
 w - a potion of ambrosia
 x - 2 potions of brilliance
 A - a potion of resistance {unknown}
 B - a potion of haste {unknown}
 I - a potion of cancellation
 J - 2 potions of degeneration {unknown}
 K - a potion of berserk rage
 L - a potion of mutation {unknown}


   Skills:
 + Level 13.8 Fighting
 + Level 14.8 Axes
 + Level 12.8 Armour
 - Level 0.2 Dodging
 + Level 12.8 Shields


You had 12 spell levels left.
You didn't know any spells.
Your spell library contained the following spells:

 Spells                   Type           Power      Damage    Failure   Level
 Animate Skeleton         Necr           0%         N/A       99%         1
 Magic Dart               Conj           0%         1d3       99%         1
 Pain                     Necr           0%         1d4       99%         1
 Searing Ray              Conj           0%         3d3       100%        2
 Confusing Touch          Hex            0%         N/A       100%        3
 Dazzling Flash           Conj/Hex       0%         N/A       100%        3
 Gell's Gravitas          Tloc           0%         N/A       100%        3
 Vampiric Draining        Necr           0%         2d6       100%        3
 Animate Dead             Necr           0%         N/A       100%        4
 Fulminant Prism          Conj/Hex       0%         3d6       100%        4
 Iskenderun's Mystic Bla  Conj/Tloc      0%         2d3       100%        4
 Petrify                  Tmut/Erth      0%         N/A       100%        4
 Agony                    Necr           0%         N/A       100%        5
 Metabolic Englaciation   Hex/Ice        0%         N/A       100%        5
 Yara's Violent Unravell  Hex/Tmut       0%         3d3       100%        5


Dungeon Overview and Level Annotations

Branches:
Dungeon (15/15)            Temple (1/1) D:7            Lair (0/6) D:11
    Orc (0/2) D:11         Vaults (0/5) D:13
 Depths: D:15

Altars:
Ashenzari
Cheibriados
Dithmenos
Elyvilon
Fedhas
Gozag
Hepliaklqana
Kikubaaqudgha
Makhleb
Nemelex Xobeh
Okawaru
Qazlal
Ru
Sif Muna
Trog
Uskayaw
Vehumet
Wu Jian
Xom
Yredelemnul
Zin
The Shining One

Shops:
D:4 *   D:6 [   D:9 :

Annotations:
D:10 3 runed translucent doors, Gargoyl's ghost, journeyman GnAK


Message History

You barely miss the deep troll.
The deep troll bites you but does no damage.
You block the deep troll's attack.
The deep troll claws you but does no damage.
The deep troll bites you. The deep troll closely misses you.
The deep troll claws you but does no damage.
You hit the deep troll.
The deep troll is moderately wounded.
You hit the deep troll. You block the deep troll's attack.
The deep troll claws you. The deep troll barely misses you.
You block the deep troll's attack. x3
You barely miss the deep troll.
The deep troll is moderately wounded.
Your shield and plate armour prevent you from hitting the deep troll.
You block the deep troll's attack. x2
The deep troll claws you but does no damage.
The deep troll bites you.
The deep troll claws you but does no damage.
The deep troll claws you.
You closely miss the deep troll.
The deep troll is moderately wounded.
You hit the deep troll. You block the deep troll's attack. x2
The deep troll barely misses you. The deep troll bites you.
You block the deep troll's attack.
The deep troll claws you but does no damage.
You slash the deep troll!
Lightning courses through the deep troll!
The deep troll is severely wounded.
You slash the deep troll! The deep troll bites you!
* * * LOW HITPOINT WARNING * * *
You block the deep troll's attack. The deep troll claws you!
* * * LOW HITPOINT WARNING * * *
The deep troll bites you!
* * * LOW HITPOINT WARNING * * *
You block the deep troll's attack.
The deep troll claws you but does no damage.
As you read the scroll of teleportation, it crumbles to dust.
You feel strangely unstable. You block the deep troll's attack.
The deep troll closely misses you. The deep troll claws you!
You die...

#.............#
..####.....#..#
#....<..# #.....### #
#.....#.#
#.########..#..#.#
.#...........(....#
....#.T.###.....#.#..<
#...T@..)............
#.#....##..######...#
#.............. .###
.......#..#..##.# #
###.#.......... #
#.#........## .
...##..... # ####
#.##..


You could see 2 deep trolls.

Vanquished Creatures
  A stone giant (D:15)
  A fire dragon (D:15)
  A hydra (D:11)
  3 centaur warriors
  The ghost of BlueGoblin the Slicer, a journeyman VSFi of Okawaru (D:12)
  3 boulder beetles
  A death knight (D:13)
  2 tengu warriors
  4 two-headed ogres
  Urug (D:10)
  A deep elf pyromancer (D:13)
  A wizard (D:14)
  2 necromancers
  13 ugly things
  2 manticores
  5 cyclopes
  3 gargoyles
  Maggie (D:9)
  2 unseen horrors
  A tengu conjurer (D:15)
  A komodo dragon (D:12)
  4 trolls
  A troll (shapeshifter) (D:14)
  A jumping spider (shapeshifter) (D:13)
  2 vampires
  3 shadows
  9 wyverns
  9 yaks
  Grum (D:9)
  A steam dragon (D:6)
  A vampire mosquito (D:8)
  Menkaure (D:4)
  2 acid dragons
  4 water moccasins
  5 orc warriors
  An ice beast (D:7)
  A sky beast (D:6)
  2 necrophages
  3 centaurs
  2 ogres
  2 wolves (D:9)
  4 bullfrogs
  A kobold brigand (D:9)
  A gnoll sergeant (D:7)
  2 scorpions
  A wyvern skeleton (D:7)
  4 killer bees (D:9)
  5 wights
  11 howler monkeys
  3 electric eels (D:7)
  3 vampire bats (D:12)
  A bullfrog zombie (D:5)
  3 centaur zombies
  2 jellies
  4 hounds
  A bullfrog skeleton (D:5)
  A centaur skeleton (D:7)
  A gnoll shaman (D:4)
  4 orc priests
  Terence (D:2)
  8 orc wizards
  5 iguanas
  3 howler monkey zombies
  5 gnolls
  4 adders
  A shadow imp (D:7)
  An adder skeleton (D:4)
  An adder zombie (D:5)
  3 dart slugs
  26 orcs
  2 bat skeletons (D:12)
  4 bat zombies (D:12)
  8 endoplasms
  5 giant cockroaches
  7 goblins
  14 hobgoblins
  4 jackals
  14 kobolds
  3 quokkas
  4 ball pythons
  2 bats
  4 frilled lizards (D:1)
  A quokka skeleton (D:4)
  5 rats
292 creatures vanquished.

Vanquished Creatures (others)
  A gnoll (D:7)
  2 fungi (D:11)
  17 plants
20 creatures vanquished.

Grand Total: 312 creatures vanquished

Notes
Turn   | Place    | Note
-------+----------+-------------------------------------------
     0 | D:1      | 27snakeeyes612 the Hill Orc Fighter began the quest for the
                  | Orb.
     0 | D:1      | Reached XP level 1. HP: 19/19 MP: 1/1
     6 | D:1      | Noticed a swamp worm
     6 | D:1      | Noticed a polar bear
     6 | D:1      | Noticed a wolf
     6 | D:1      | Noticed an iguana
     6 | D:1      | Noticed a wyvern
   168 | D:1      | Reached XP level 2. HP: 27/27 MP: 2/2
   324 | D:1      | Reached skill level 3 in Axes
   433 | D:1      | Reached XP level 3. HP: 33/33 MP: 3/3
  1237 | D:2      | Found a faded altar of an unknown god.
  1560 | D:2      | Noticed Terence
  1566 | D:2      | Killed Terence
  1567 | D:2      | Reached skill level 4 in Axes
  1567 | D:2      | Reached XP level 4. HP: 33/40 MP: 4/4
  2271 | D:3      | Found a shadowy altar of Dithmenos.
  2739 | D:4      | Identified a scroll of acquirement
  2739 | D:4      | Acquired a +2 broad axe of electrocution
  2754 | D:4      | Noticed a bullfrog
  2754 | D:4      | Noticed Menkaure
  2758 | D:4      | Killed Menkaure
  2759 | D:4      | Reached skill level 5 in Axes
  2759 | D:4      | Reached XP level 5. HP: 32/47 MP: 5/5
  2761 | D:4      | Reached XP level 6. HP: 32/55 MP: 6/6
  2968 | D:4      | Reached skill level 5 in Fighting
  3052 | D:4      | Found an iron altar of Okawaru.
  3126 | D:4      | Reached skill level 5 in Shields
  3126 | D:4      | Reached XP level 7. HP: 41/61 MP: 7/7
  3315 | D:4      | Reached skill level 5 in Armour
  3361 | D:4      | Found Ljaom's Luxury Loot.
  3372 | D:4      | Found a stormy altar of Qazlal.
  3372 | D:4      | Found a shimmering blue altar of Sif Muna.
  3405 | D:4      | Found a broken altar of Ashenzari.
  3479 | D:4      | Reached skill level 6 in Axes
  3612 | D:5      | Entered Level 5 of the Dungeon
  4366 | D:5      | Reached XP level 8. HP: 69/70 MP: 8/8
  4525 | D:6      | Reached skill level 7 in Axes
  4551 | D:6      | Found Uttiatih's Antique Armour Emporium.
  4723 | D:6      | Bought a shiny kite shield for 217 gold pieces
  4752 | D:6      | Found a blossoming altar of Fedhas.
  5030 | D:6      | Found an ancient bone altar of Kikubaaqudgha.
  5183 | D:6      | Reached skill level 8 in Axes
  5183 | D:6      | Reached XP level 9. HP: 76/79 MP: 9/9
  5404 | D:7      | Found a staircase to the Ecumenical Temple.
  5473 | Temple   | Entered the Ecumenical Temple
  5540 | Temple   | Became a worshipper of Makhleb the Destroyer
  6993 | D:7      | Identified the +2 robe of Impermeability {Str+3}
  7471 | D:8      | Reached skill level 9 in Axes
  7568 | D:8      | Noticed a cyclops
  7581 | D:8      | Killed a cyclops
  7582 | D:8      | Reached XP level 10. HP: 58/90 MP: 10/10
  7584 | D:8      | Killed an unseen horror
  7777 | D:8      | Noticed a white ugly thing
  8022 | D:8      | Killed a white ugly thing
  8023 | D:8      | Reached skill level 10 in Axes
  8258 | D:8      | Found a glowing silver altar of Zin.
  8369 | D:8      | Identified the +7 quarterstaff "Goblinslayer" {venom, rElec
                  | Will+ Str+3 Dex-2}
  8471 | D:8      | Noticed a two-headed ogre
  8471 | D:8      | Noticed a centaur warrior
  8472 | D:8      | Noticed a tengu warrior
  9021 | D:8      | Noticed a boulder beetle
  9030 | D:8      | Killed a boulder beetle
  9271 | D:8      | Killed a centaur warrior
  9272 | D:8      | Reached skill level 10 in Fighting
  9645 | D:8      | Killed a tengu warrior
  9646 | D:8      | Reached skill level 11 in Axes
  9673 | D:9      | Noticed Grum
  9697 | D:9      | Killed Grum
  9698 | D:9      | Reached XP level 11. HP: 37/101 MP: 11/11
 10059 | D:9      | Reached * piety under Makhleb
 10224 | D:9      | Noticed a cyan ugly thing
 11144 | D:9      | Noticed Maggie
 11145 | D:9      | Found Falerum's Book Shop.
 11158 | D:9      | Killed Maggie
 11339 | D:10     | Entered Level 10 of the Dungeon
 11344 | D:10     | Reached skill level 10 in Shields
 11349 | D:10     | Reached skill level 10 in Armour
 11828 | D:10     | Found a shimmering altar of Xom.
 11928 | D:10     | Reached ** piety under Makhleb
 12007 | D:10     | Noticed Urug
 12020 | D:10     | Killed Urug
 12021 | D:10     | Reached skill level 12 in Axes
 12206 | D:10     | Found a runed translucent gate.
 12206 | D:10     | Found a runed translucent gate.
 12206 | D:10     | Found a runed translucent gate.
 12206 | D:10     | Noticed Gargoyl's ghost (journeyman GnAK)
 12408 | D:11     | Found a staircase to the Lair.
 12524 | D:11     | Noticed a green ugly thing
 12525 | D:11     | Noticed a five-headed hydra
 12538 | D:11     | Killed a ten-headed hydra
 12802 | D:11     | Noticed a two-headed ogre
 12807 | D:11     | Killed a two-headed ogre
 12808 | D:11     | Reached XP level 12. HP: 111/111 MP: 12/12
 12814 | D:11     | Noticed a two-headed ogre
 12815 | D:11     | Found a staircase to the Orcish Mines.
 12821 | D:11     | Killed a two-headed ogre
 13181 | D:11     | Noticed a boulder beetle
 13198 | D:11     | Killed a boulder beetle
 13199 | D:11     | Reached skill level 13 in Axes
 13455 | D:11     | Found an ornate altar of the Wu Jian Council.
 13714 | D:12     | Reached *** piety under Makhleb
 13897 | D:12     | Found an ancient bone altar of Kikubaaqudgha.
 13989 | D:12     | Found a runed translucent door.
 14436 | D:12     | Noticed BlueGoblin's ghost (journeyman VSFi)
 14651 | D:12     | Killed BlueGoblin's ghost
 15054 | D:13     | Noticed a two-headed ogre
 15064 | D:13     | Killed a two-headed ogre
 15208 | D:13     | Found a gate to the Vaults.
 15208 | D:13     | Noticed a two-headed ogre
 15216 | D:13     | Killed a two-headed ogre
 15217 | D:13     | Reached XP level 13. HP: 119/119 MP: 13/13
 15377 | D:13     | Reached skill level 14 in Axes
 17970 | D:15     | Entered Level 15 of the Dungeon
 17993 | D:15     | Noticed a fire dragon
 17997 | D:15     | Killed a fire dragon
 18011 | D:15     | Noticed a stone giant
 18151 | D:15     | Killed a stone giant
 18203 | D:15     | Slain by a deep troll

Illustrated notes

Levels and vault maps discovered:
D:1:      onia_arrival_zoo_common, layout_basic, minmay_misc_feat_hallway
D:2:      layout_basic, hellmonk_ecumenical_altar_pennies_from_heaven,
          minivault_5, uniq_terence
D:3:      layout_basic, lemuel_crystal_altar
D:4:      layout_basic, okawaru_gym_becter, grunt_temple_overflow_open,
          st_stairs_13, nicolae_alphabet_shops, kennysheep_small_circle,
          uniq_menkaure
D:5:      layout_loops_corners
D:6:      layout_basic, fedhas_altar_1, nicolae_overflow_crystal_walls,
          serial_shops, nicolae_diamond_shop, minmay_fractal_squares_gapless_5
D:7:      layout_loops_cross, minmay_temple_entry_slanted, water_maze_lemuel
D:8:      minmay_tri_box, layout_basic, lemuel_round_altar
D:9:      layout_basic, serial_shops, shop, minmay_misc_feat_nine_boxes,
          wad_floor_pattern_untrapped, kennysheep_boxes, uniq_grum, uniq_maggie
D:10:     layout_basic, lemuel_coloured_pillars_altar,
          ebering_ghost_rock_garden, uniq_urug
D:11:     layout_rooms, minmay_lair_entry_grove, david_orc_2,
          pdpol_wu_jian_five_deadly_venoms
D:12:     layout_basic, ebering_ghost_reflecting_pool, kennysheep_vampire_church
D:13:     layout_loops_ring, david_vaults_1, minmay_tree_intersection,
          solitary_fountain, chequers_serial_rivers_marsh, minmay_puff
D:14:     layout_grid_maze, chequers_serial_rivers_room_b
D:15:     hangedman_depths_entry_civil_slaughter, layout_basic, hex_intersection
Temple:   dshaligram_water_room_temple

Skill      XL: |  1  2  3  4  5  6  7  8  9 10 11 12 13 |
---------------+----------------------------------------+-----
Axes           | 3 4 5 6 8 9 11 12 13 14 | 14.8
Fighting       | 4 5 6 7 8 10 11 12 13 | 13.8
Armour         | 4 5 6 8 9 10 12 | 12.8
Shields        | 4 5 6 8 9 10 12 | 12.8
Dodging        | |  0.2

Action                   |  1- 3 |  4- 6 |  7- 9 | 10-12 | 13-15 || total
-------------------------+-------+-------+-------+-------+-------++-------
Melee: War axe           |    80 |    49 |       |       |       ||   129
       Broad axe         |       |    48 |   177 |   377 |   133 ||   735
Evoke: Wand              |       |       |     2 |    24 |     1 ||    27
  Use: Scroll            |       |     9 |     7 |     8 |     4 ||    28
       Potion            |       |     5 |     2 |     4 |       ||    11
Armor: Scale mail        |    43 |    40 |    86 |    34 |       ||   203
       Skin              |       |    12 |       |       |       ||    12
       Plate armour      |       |       |       |   192 |    62 ||   254
Dodge: Dodged            |    28 |    26 |    40 |    95 |    24 ||   213
Block: Kite shield       |    40 |    68 |    86 |   312 |   116 ||   622

Table legend: (Time is in decaauts)
 A = Elapsed time spent in this place.
 B = Non-inter-level travel time spent in this place.
 C = Inter-level travel time spent in this place.
 D = Time resting spent in this place.
 E = Time spent auto-exploring this place.
 F = Levels seen in this place.
 G = Mean time per level.
                   A        B        C        D        E       F      G
               +--------+--------+--------+--------+--------+-----+--------+
         Total |  18420 |  17717 |    703 |   2465 |  13136 |  16 | 1151.2 |
       Dungeon |  18330 |  17627 |    703 |   2465 |  13079 |  15 | 1222.0 |
        Temple |     89 |     89 |      0 |      0 |     57 |   1 |   89.0 |
               +--------+--------+--------+--------+--------+-----+--------+

Top non-repeatable levels by time:
     D:8: 2825 daAuts
    D:14: 2078 daAuts
     D:7: 1859 daAuts
    D:13: 1328 daAuts
     D:9: 1263 daAuts
     D:1: 1245 daAuts
    D:12: 1164 daAuts
    D:11: 1124 daAuts
    D:10: 1077 daAuts
     D:6: 973 daAuts
     D:4: 957 daAuts
     D:3: 872 daAuts
     D:5: 814 daAuts
     D:2: 637 daAuts
    D:15: 107 daAuts
